 Dungeon Crawl Stone Soup version 0.27.1-1-g398f81649c (webtiles) character file.

Game seed: 17907604255223024183

2 snilloc10 the Covered (level 1, 0/17 HPs)
             Began as a Gnoll Wanderer on Sept 14, 2021.
             Slain by a frilled lizard (3 damage)
             ... on level 1 of the Dungeon.
             The game lasted 00:02:36 (156 turns).

snilloc10 the Covered (Gnoll Wanderer)               Turns: 156, Time: 00:02:37

Health: 0/17       AC:  2    Str: 12    XL:     1   Next: 40%
Magic:  1/1        EV: 11    Int: 11    God:
Gold:   0          SH:  0    Dex: 10    Spells: 0/0 levels left

rFire    . . .     SeeInvis .   c - +0 mace
rCold    . . .     Faith    .   (no shield)
rNeg     . . .     Spirit   .   e - +0 robe
rPois    .         Reflect  .   (no helmet)
rElec    .         Harm     .   (no cloak)
rCorr    .         Rampage  .   (no gloves)
Will     .....                  (no boots)
Stlth    +.........             (no amulet)
HPRegen  0.05/turn              (no ring)
MPRegen  0.07/turn              (no ring)

@: no status effects
A: fangs 1, strong nose, distributed training
a: no special abilities


You were on level 1 of the Dungeon.
You visited 1 branch of the dungeon, and saw 1 of its levels.

Inventory:

Hand Weapons
 a - a +2 dagger
 c - a +0 mace (weapon)
Missiles
 b - 4 curare-tipped darts (quivered)
Armour
 e - a +0 robe (worn)
Scrolls
 g - a scroll of fear {unknown}
 h - a scroll of enchant weapon {unknown}
Potions
 d - a potion of lignification
 f - 2 potions of heal wounds {unknown}


   Skills:
 + Level 2.3 Fighting
 + Level 0.0 Short Blades
 + Level 0.0 Long Blades
 + Level 0.0 Axes
 + Level 0.0 Maces & Flails
 + Level 0.0 Polearms
 + Level 0.0 Staves
 + Level 0.0 Slings
 + Level 2.3 Bows
 + Level 0.0 Crossbows
 + Level 4.4 Throwing
 + Level 6.4 Armour
 + Level 0.0 Dodging
 + Level 0.0 Stealth
 + Level 0.0 Shields
 + Level 0.0 Unarmed Combat
 + Level 0.0 Spellcasting
 + Level 0.0 Conjurations
 + Level 0.0 Hexes
 + Level 0.0 Summonings
 + Level 0.0 Necromancy
 + Level 0.0 Translocations
 + Level 1.9 Transmutations
 + Level 0.0 Fire Magic
 + Level 3.6 Ice Magic
 + Level 0.0 Air Magic
 + Level 0.0 Earth Magic
 + Level 0.0 Poison Magic
 + Level 0.1 Invocations
 + Level 0.0 Evocations


You couldn't memorise any spells.
You didn't know any spells.
Your spell library was empty.

Dungeon Overview and Level Annotations

Branches:
Dungeon (1/15)

Altars:


Innate Abilities, Weirdness & Mutations

You have very sharp teeth.
Your uncanny sense of smell can sniff out nearby items.
Your experience applies equally to all skills.


Message History

The frilled lizard bites you but does no damage.
You sock the frilled lizard!
You kill the frilled lizard!
The frilled lizard closely misses you. The frilled lizard misses you.
You barely miss the frilled lizard. The frilled lizard misses you.
You barely miss the frilled lizard. The frilled lizard barely misses you.
The frilled lizard bites you but does no damage.
You closely miss the frilled lizard. The frilled lizard bites you.
You are too injured to fight recklessly!
You are too injured to fight recklessly!
You are too injured to fight recklessly!
You are too injured to fight recklessly!
You are too injured to fight recklessly!
You are too injured to fight recklessly!
You are too injured to fight recklessly!
You are too injured to fight recklessly!
You are too injured to fight recklessly!
You are too injured to fight recklessly!
Hit: c) +0 mace
Press: ? - help, Dir - move target, f - frilled lizard
Aim: a frilled lizard (about 62% to evade your +0 mace)
You closely miss the frilled lizard. The frilled lizard bites you.
* * * LOW HITPOINT WARNING * * *
Hit: c) +0 mace
Press: ? - help, Dir - move target, f/p - frilled lizard
Aim: a frilled lizard (about 62% to evade your +0 mace)
You hit the frilled lizard. Your bite misses the frilled lizard.
The frilled lizard is heavily wounded.
The frilled lizard bites you.
* * * LOW HITPOINT WARNING * * *
The frilled lizard closely misses you.
Hit: c) +0 mace
Press: ? - help, Dir - move target, f/p - frilled lizard
Aim: a frilled lizard (heavily wounded, about 62% to evade your +0 mace)
You barely miss the frilled lizard.
The frilled lizard is heavily wounded.
The frilled lizard bites you.
* * * LOW HITPOINT WARNING * * *
The frilled lizard bites you.
You die...

.. .# .# .# .# .. .#
#. .# #.#####.#####
#.#...@.....# ##
#....l......# #.
##..........# ∆ +.
.. ###.$........# #.
....###....###+#####
######
.................. #
#...#.
.......†....##.# ##.
#...'.
.)........#.##.#...
#...#.
..........#.##.#.#
##'###


You could see a frilled lizard.

Vanquished Creatures
  2 ball pythons (D:1)
  A frilled lizard (D:1)
3 creatures vanquished.

Notes
Turn   | Place    | Note
-------+----------+-------------------------------------------
     0 | D:1      | snilloc10 the Gnoll Wanderer began the quest for the Orb.
     0 | D:1      | snilloc10 set off with the following items: a +2 dagger, 4
                  | curare-tipped darts, a +0 mace, a potion of lignification,
                  | a +0 robe
     0 | D:1      | Reached XP level 1. HP: 17/17 MP: 1/1
   156 | D:1      | Slain by a frilled lizard

Illustrated notes

Levels and vault maps discovered:
D:1:      co_arrival_random_square_maze, layout_basic, chequers_arboretum

Action                   || total
-------------------------++-------
Melee: Mace              ||    19
Armor: Robe              ||     4
Dodge: Dodged            ||    18
